 Dungeon Crawl Stone Soup version 0.30-a0-140-gd1020e658a (webtiles) character file.

Game seed: 10546740821462243407

1577 themarg the Magician (level 9, -4/63 HPs)
             Began as a Djinni Fire Elementalist on Sept 24, 2022.
             Was an Initiate of Ashenzari.
             Shot with an arrow by a centaur (8 damage)
             ... on level 6 of the Dungeon.
             The game lasted 00:23:10 (7938 turns).

themarg the Magician (Djinni Fire Elementalist)     Turns: 7938, Time: 00:23:11

Health: -4/63      AC:  2    Str:  7    XL:     9   Next: 14%
Gold:   241        EV: 14    Int: 21    God:    Ashenzari [......] SH:  0 Dex: 14

rFire   + + .      SeeInvis .    c - +0 dagger
rCold   x . .      Faith    .    (no shield)
rNeg    . . .      Spirit   .    a - +0 robe of the Ensconced Cynicism {Cun, Melee} (curse)
rPois   ∞          Reflect  .    (no helmet)
rElec   .          Harm     .    (no cloak)
rCorr   .          Rampage  .    (no gloves)
Will    .....                    (boots unavailable)
Stlth   ++........               (no amulet)
HPRegen 0.20/turn                (no ring)
MPRegen 0.00/turn                (no ring)

@: flying
A: sickness immunity, fire resistance 2, cold vulnerability 1, float, innate
caster, HP casting, extra vitality 1
a: Renounce Religion, Curse Item, Shatter the Chains


You were on level 6 of the Dungeon.
You worshipped Ashenzari.
Ashenzari was noncommittal.
You visited 2 branches of the dungeon, and saw 7 of its levels.

You collected 305 gold pieces.
You spent 64 gold pieces at shops.

Inventory:

Hand Weapons
 c - a +0 dagger (weapon)
Missiles
 r - 13 poisoned darts
Armour
 a - the cursed +0 robe of the Ensconced Cynicism (worn) {Cun, Melee}

   It has a curse which improves the following skills: Cunning: Dodging and
   Stealth.
   Melee Combat: Short Blades, Long Blades, Axes, Maces & Flails, Polearms,
   Staves and Unarmed Combat.
Magical Staves
 h - a staff of earth
Wands
 b - a wand of paralysis (2)
Scrolls
 f - a scroll of poison
 g - a scroll of enchant armour {unknown}
 k - a scroll of fog {unknown}
 n - a scroll of vulnerability {unknown}
 s - a scroll of magic mapping {unknown}
 u - 2 scrolls of teleportation
 v - a scroll of immolation {unknown}
 w - a scroll of brand weapon {unknown}
Potions
 d - 2 potions of curing
 e - a potion of resistance
 i - a potion of flight
 j - 3 potions of heal wounds
 l - a potion of magic {unknown}
 m - a potion of berserk rage {unknown}
 o - a potion of brilliance {unknown}
 p - 3 potions of lignification
 q - a potion of mutation {unknown}
 t - 2 potions of haste


   Skills:
 + Level 4.6 Fighting
 - Level 4.6(5.0) Dodging
 - Level 3.0(3.3) Stealth
 - Level 7.0 Spellcasting


You couldn't memorise any spells.
You knew the following spells:

 Your Spells              Type           Power      Damage    Failure   Level
a - Foxfire               Conj/Fire      100%       2x1d9     1%          1
b - Scorch                Fire           72%        2d8       1%          2
c - Kindle Blastsparks    Fire/Tloc/Air  72%        2d16      1%          3
d - Inner Flame           Hex/Fire       36%        N/A       1%          3
e - Flame Wave            Conj/Fire      36%        2d10      4%          4
f - Shock                 Conj/Air       100%       1d9       1%          1
g - Call Imp              Summ           36%        N/A       1%          2
h - Confusing Touch       Hex            36%        N/A       1%          3
i - Stone Arrow           Conj/Erth      72%        3d11      1%          3
Your spell library was empty.

Dungeon Overview and Level Annotations

Branches:
Dungeon (6/15)             Temple (1/1) D:4

Altars:
Ashenzari
Cheibriados
Dithmenos
Fedhas
Gozag
Hepliaklqana
Makhleb
Nemelex Xobeh
Okawaru
Qazlal
Ru
Trog
Uskayaw
Wu Jian
Xom
Yredelemnul
Zin
The Shining One

Shops:
D:1 !   D:2 ?   D:5 :

Annotations:
D:5 exclusion: downstairs


Innate Abilities, Weirdness & Mutations

You are immune to sickness and miasma.
You are immune to poison.
Your flesh is very heat resistant. (rF++)
You are vulnerable to cold. (rC-)
You float through the air rather than walking.
You learn spells naturally, not from books.
Your magical power is your life essence.
You have superior vitality. (+4 MHP)


Message History

You kill the bullfrog! (Press . to intensify the flame waves.)
You hear an angry hiss.
You hear a shout!
The centaur shoots an arrow.
The arrow hits you!
Training target 7.0 for Spellcasting reached!
Your Spellcasting skill increases to level 7!
A wave of flame ripples out!
The flame wave engulfs the iguana!
The iguana is severely wounded.
The centaur shoots an arrow.
The arrow hits you! The iguana bites you!
* * * LOW HITPOINT WARNING * * *
The orc wizard gestures wildly while chanting.
The orc wizard flickers and vanishes!
Deactivating autopickup; reactivate with Ctrl-A.
The centaur shoots an arrow.
The arrow hits you!
* * * LOW HITPOINT WARNING * * *
A wave of flame ripples out!
The flame wave engulfs the iguana!
You kill the iguana!
The flame wave engulfs the wight!
The wight is heavily damaged.
The flame wave engulfs the centaur!
The centaur is heavily wounded.
* * * LOW HITPOINT WARNING * * *
You finish channelling waves of flame.
Okay, then.
You feel much better.
The centaur shoots an arrow.
The arrow misses you.
The wight hits you with a +4 dire flail!
* * * LOW HITPOINT WARNING * * *
The centaur shoots an arrow.
The arrow hits you!
* * * LOW HITPOINT WARNING * * *
Casting: Flame Wave (dangerous; 4% risk of failure)
Confirm with . or Enter, or press ? or * to list all spells.
Casting: Flame Wave (dangerous; 4% risk of failure)
Press: ? - help, Dir - look around, f - activate A wave of flame ripples out!
The flame wave engulfs the wight!
You destroy the wight! (Press . to intensify the flame waves.)
* * * LOW HITPOINT WARNING * * *
An iguana comes into view.
The centaur shoots an arrow.
The arrow hits you!
You die...

#.....<.l...#
#.........z..# #.....l
#....)....z..###.....#
....{...####.........##.
##.z....###..o..........
......................
..z.....#......{....#
..z............)†...#...
.....# #.....@.......
....## ###.c..####...
...... #.####
....?...........#
...................
.............c..##...
z.........##...#. ..
...z...... .......
......... ..... ..


You could see a centaur, an iguana, a wight and an orc.

Vanquished Creatures
  Eustachio (D:4)
  A water moccasin (D:5)
  A black bear (D:5)
  2 ogres (D:5)
  3 phantoms
  5 scorpions
  A necrophage (D:5)
  A bullfrog (D:6)
  A wight (D:6)
  A gnoll bouda (D:5)
  4 iguanas
  3 orc wizards
  4 gnolls (D:5)
  6 adders (D:3)
  2 ufetubi (D:4)
  3 worms
  5 dart slugs
  11 orcs
  6 endoplasms
  2 giant cockroaches (D:1)
  12 goblins
  8 hobgoblins
  7 jackals (D:2)
  6 quokkas
  6 ball pythons
  4 frilled lizards
  11 kobolds
  7 rats
124 creatures vanquished.

Vanquished Creatures (others)
  88 foxfires
  4 fungi (D:2)
92 creatures vanquished.

Grand Total: 216 creatures vanquished

Notes
Turn   | Place    | Note
-------+----------+-------------------------------------------
     0 | D:1      | themarg the Djinni Fire Elementalist began the quest for
                  | the Orb.
     0 | D:1      | themarg set off with the following spells memorised:
                  | Foxfire, Scorch, Kindle Blastsparks, Inner Flame, Flame
                  | Wave.
     0 | D:1      | Reached XP level 1. HP: 15/15 MP: 0/0
   209 | D:1      | Reached XP level 2. HP: 20/21 MP: 0/0
   736 | D:1      | Reached XP level 3. HP: 11/25 MP: 0/0
   736 | D:1      | Learned a level 1 spell: Shock
  1364 | D:1      | Found Inoecir's Distillery.
  1367 | D:1      | Bought a potion of curing for 36 gold pieces
  1818 | D:2      | Reached skill level 3 in Spellcasting
  2272 | D:2      | Found a sparkling altar of Nemelex Xobeh.
  2289 | D:2      | Found Biarhiez's Magic Scroll Shop.
  2297 | D:2      | Bought a scroll of identify for 28 gold pieces
  2356 | D:2      | Reached XP level 4. HP: 26/31 MP: 0/0
  2668 | D:2      | Found a faded altar of an unknown god.
  3032 | D:3      | Identified the +1 scale mail of Golden Amelioration {rPois
                  | Will++ Dex-4}
  3184 | D:3      | Reached XP level 5. HP: 28/35 MP: 0/0
  3184 | D:3      | Learned a level 2 spell: Call Imp
  3360 | D:3      | Found a snail-covered altar of Cheibriados.
  4015 | D:4      | Reached skill level 4 in Spellcasting
  4015 | D:4      | Reached XP level 6. HP: 33/40 MP: 0/0
  4277 | D:4      | Reached skill level 5 in Spellcasting
  4422 | D:4      | Reached XP level 7. HP: 29/46 MP: 0/0
  4422 | D:4      | Learned a level 3 spell: Confusing Touch
  4430 | D:4      | Reached skill level 1 in Fighting
  4794 | D:4      | Found a staircase to the Ecumenical Temple.
  4815 | Temple   | Entered the Ecumenical Temple
  5302 | Temple   | Became a worshipper of Ashenzari the Shackled
  5337 | D:4      | Found a hide-covered altar of Uskayaw.
  5596 | D:4      | Noticed Eustachio
  5720 | D:4      | Killed Eustachio
  6013 | D:5      | Entered Level 5 of the Dungeon
  6034 | D:5      | Found a basalt altar of Yredelemnul.
  6185 | D:5      | Found an iron altar of Okawaru.
  6419 | D:5      | Found Jekyibbu's Vocational Training.
  6482 | D:5      | Reached XP level 8. HP: 45/55 MP: 0/0
  6640 | D:5      | Reached skill level 6 in Spellcasting
  7166 | D:5      | Reached XP level 9. HP: 55/62 MP: 0/0
  7166 | D:5      | Learned a level 3 spell: Stone Arrow
  7422 | D:5      | Found a shimmering altar of Xom.
  7935 | D:6      | Reached skill level 7 in Spellcasting
  7938 | D:6      | Shot with an arrow by a centaur

Illustrated notes

Levels and vault maps discovered:
D:1:      heliophobic_arrival_battle_scene, layout_loops_ring, serial_shops,
          shop
D:2:      layout_loops_ring, basic_altar, shapermc_ecumenical_altar_acropolis,
          serial_shops, nicolae_square_shop
D:3:      minmay_chambers_of_twos, layout_rooms, slow_altar_1,
          hangedman_abyss_or_decor_stabs, kennysheep_generic_room_8
D:4:      layout_loops_ring, lemuel_tele_altar, minmay_temple_entry_sparse_star,
          uniq_eustachio
D:5:      layout_loops_corners, mainiacjoe_overflow_cross_hatched,
          mainiacjoe_overflow_alcove_4, okawaru_altar_gauntlet_db,
          minmay_misc_feat_more_columns, grunt_ministairs_13,
          nicolae_shop_vocational
D:6:      layout_cave_pools, sigmund_army
Temple:   eino_temple_water

Skill      XL: |  1  2  3  4  5  6  7  8  9 |
---------------+----------------------------+-----
Stealth        | 2 3 |  3.0
Spellcasting   | 3 4 5 6 7 |  7.0
Fighting       | 2 3 4 |  4.6
Dodging        | 3 4 |  4.6

Action                   |  1- 3 |  4- 6 |  7- 9 || total
-------------------------+-------+-------+-------++-------
Melee: Dagger            |     3 |     5 |     4 ||    12
       Punch             |       |       |     1 ||     1
 Cast: Foxfire           |    29 |    24 |    14 ||    67
       Scorch            |    33 |    49 |    63 ||   145
       Shock             |     3 |       |       ||     3
       Kindle Blastspark |       |     2 |    11 ||    13
       Confusing Touch   |       |       |     1 ||     1
       Inner Flame       |       |       |     3 ||     3
       Flame Wave        |       |       |     2 ||     2
Invok: Curse Item        |       |       |     1 ||     1
  Use: Scroll            |     4 |     1 |     2 ||     7
       Potion            |       |       |     1 ||     1
Armor: Robe              |     1 |     2 |     4 ||     7
Dodge: Dodged            |    11 |     5 |    21 ||    37

Table legend: (Time is in decaauts)
 A = Elapsed time spent in this place.
 B = Non-inter-level travel time spent in this place.
 C = Inter-level travel time spent in this place.
 D = Time resting spent in this place.
 E = Time spent auto-exploring this place.
 F = Levels seen in this place.
 G = Mean time per level.
                   A        B        C        D        E       F      G
               +--------+--------+--------+--------+--------+-----+--------+
         Total |   7937 |   7654 |    283 |   2965 |   3664 |   7 | 1133.9 |
       Dungeon |   7430 |   7147 |    283 |   2965 |   3206 |   6 | 1238.3 |
        Temple |    506 |    506 |      0 |      0 |    458 |   1 |  506.0 |
               +--------+--------+--------+--------+--------+-----+--------+

Top non-repeatable levels by time:
     D:5: 1904 daAuts
     D:4: 1689 daAuts
     D:1: 1537 daAuts
     D:2: 1195 daAuts
     D:3: 1083 daAuts
  Temple: 506 daAuts
     D:6: 20 daAuts
